 Dungeon Crawl Stone Soup version 0.21.1-1-g345015fe64 (webtiles) character file.

14240 Tanis the Blocker (level 11, -2/101 HPs)
             Began as a Minotaur Fighter on June 21, 2018.
             Was the Champion of Okawaru.
             Slain by Gastronok (24 damage)
             ... on level 1 of the Lair of Beasts on June 22, 2018.
             The game lasted 01:25:08 (10200 turns).

Tanis the Blocker (Minotaur Fighter)               Turns: 10200, Time: 01:25:09

Health: -2/101     AC: 10    Str: 21    XL:     11   Next: 86%
Magic:  11/11      EV: 12    Int:  5    God:    Okawaru [******]
Gold:   567        SH: 20    Dex: 11    Spells: 10/10 levels left

rFire    . . .     SeeInvis .   P - +0 demon blade (flame)
rCold    . . .     Gourm    .   G - +2 large shield {AC+3}
rNeg     . . .     Faith    +   n - +0 steam dragon scales
rPois    +         Spirit   .   (helmet restricted)
rElec    .         Reflect  .   O - +0 cloak
rCorr    +         Harm     .   (no gloves)
MR       .....                  p - +0 pair of boots
Stlth    +++.......             g - amulet of faith
HPRegen  0.26/turn              t - ring "Ezahuhef" {rCorr rPois Dex-2 Slay+6 Stlth+}
MPRegen  0.12/turn              N - ring of flight

@: no status effects
A: retaliatory headbutt, horns 2, deformed body, sense surroundings 1, poison
resistance
a: Heroism, Finesse, Renounce Religion, Evoke Flight


You were on level 1 of the Lair of Beasts.
You worshipped Okawaru.
Okawaru was exalted by your worship.
You were hungry.

You visited 3 branches of the dungeon, and saw 11 of its levels.
You also visited: Ossuary.

You collected 877 gold pieces.
You spent 310 gold pieces at shops.

Inventory:

Hand Weapons
 m - a +2 short sword of draining
 P - a +0 demon blade of flaming (weapon)
Armour
 c - a +2 ring mail of fire resistance
 n - +0 steam dragon scales (worn)
 p - a +0 pair of boots (worn)
 u - a +2 shield
 E - a +0 plate armour
 G - a +2 large shield of protection (worn)
 O - a +0 cloak (worn)
Jewellery
 g - an amulet of faith (around neck)
 k - an uncursed ring of resist corrosion
 t - the ring "Ezahuhef" (left hand) {rCorr rPois Dex-2 Slay+6 Stlth+}
   (You acquired it on level 6 of the Dungeon)

   [ring of resist corrosion]

   It affects your dexterity (-2).
   It affects your accuracy and damage with ranged weapons and melee attacks
   (+6).
   It protects you from poison.
   It makes you more stealthy.
 H - an uncursed ring of resist corrosion
 N - a ring of flight (right hand)
Scrolls
 e - 4 scrolls of identify
 l - 5 scrolls of remove curse
 q - 3 scrolls of fear
 s - 4 scrolls of magic mapping
 x - a scroll of noise
 y - a scroll of amnesia
 A - a scroll of fog
 C - a scroll of random uselessness
 D - 4 scrolls of teleportation
 F - a scroll of blinking
 K - a scroll of brand weapon {unknown}
Potions
 a - 3 potions of invisibility
 d - a potion of might
 h - 2 potions of brilliance
 i - 2 potions of flight
 j - 2 potions of agility
 o - 5 potions of curing
 v - 2 potions of lignification
 z - a potion of heal wounds
 B - a potion of magic
 I - a potion of berserk rage
Books
 b - a book of Necromancy

   Spells                             Type                      Level
   a - Pain                           Necromancy                   1
   b - Animate Skeleton               Necromancy                   1
   c - Vampiric Draining              Necromancy                   3
   d - Regeneration                   Charms/Necromancy            3
   e - Animate Dead                   Necromancy                   4
   f - Borgnjor's Vile Clutch         Necromancy/Earth             5
 r - a book of Frost

   Spells                             Type                      Level
   a - Freeze                         Ice                          1
   b - Throw Frost                    Conjuration/Ice              2
   c - Ozocubu's Armour               Charms/Ice                   3
   d - Throw Icicle                   Conjuration/Ice              4
   e - Summon Ice Beast               Ice/Summoning                4
 w - a book of Callings

   Spells                             Type                      Level
   a - Summon Small Mammal            Summoning                    1
   b - Call Imp                       Summoning                    2
   c - Call Canine Familiar           Summoning                    3
   d - Summon Guardian Golem          Hexes/Summoning              3
   e - Summon Lightning Spire         Summoning/Air                4
   f - Summon Ice Beast               Ice/Summoning                4
 L - a book of Battle

   Spells                             Type                      Level
   a - Infusion                       Charms                       1
   b - Shroud of Golubria             Charms/Translocation         2
   c - Song of Slaying                Charms                       2
   d - Spectral Weapon                Hexes/Charms                 3
   e - Regeneration                   Charms/Necromancy            3
 M - a book of the Earth

   Spells                             Type                      Level
   a - Leda's Liquefaction            Hexes/Earth                  4
   b - Bolt of Magma                  Conjuration/Fire/Earth       5
   c - Statue Form                    Transmutation/Earth          6
   d - Iron Shot                      Conjuration/Earth            6
   e - Shatter                        Earth                        9
Comestibles
 f - 11 rations


   Skills:
 * Level 10.4 Fighting
 - Level 10.1(10.6) Short Blades
 * Level 5.4(9.0) Long Blades
 * Level 9.6 Armour
 - Level 6.4 Dodging
 - Level 4.4 Stealth
 * Level 11.4 Shields
 - Level 1.5 Invocations


You had 10 spell levels left.
You didn't know any spells.

Dungeon Overview and Level Annotations

Branches:
Dungeon (8/15)             Temple (1/1) D:4            Lair (2/6) D:8
  Swamp: Lair:2-4    Shoals: Lair:2-4     Snake: Lair:2-4    Spider: Lair:2-4

Altars:
Ashenzari
Cheibriados
Dithmenos
Elyvilon
Fedhas
Gozag
Hepliaklqana
Kikubaaqudgha
Makhleb
Nemelex Xobeh
Okawaru
Qazlal
Ru
Sif Muna
Trog
Uskayaw
Vehumet
Wu Jian
Xom
Yredelemnul
Zin
The Shining One

Shops:
D:6 *   D:7 =

Annotations:
Lair:1 Gastronok


Innate Abilities, Weirdness & Mutations

You reflexively headbutt those who attack you in melee.
You have a pair of horns on your head.
Armour fits poorly on your strangely shaped body.
You passively map a small area around you.
Your system is resistant to poisons. (rPois)


Message History

Gastronok is severely wounded.
Gastronok glows a brilliant shade of cerise.
You hit Gastronok. You burn Gastronok.
Gastronok is severely wounded.
You slash Gastronok! You burn Gastronok.
Gastronok is severely wounded.
Gastronok closely misses you. You furiously retaliate!
You headbutt Gastronok, but do no damage.
You slash Gastronok! You burn Gastronok. You headbutt Gastronok.
Gastronok is almost dead.
You hit Gastronok. You burn Gastronok. Your headbutt misses Gastronok.
Gastronok is almost dead.
Gastronok bites you!!
* * * LOW HITPOINT WARNING * * *
You hit Gastronok. You burn Gastronok.
Gastronok is almost dead.
You hit Gastronok but do no damage.
Gastronok is almost dead.
Gastronok bites you!!
You die...

##....#..........##
### *
.........#......# ,
#................#
#.........###....#
, , #.....P...#
#....# * ,
.#...###....# ., *
#..##.....# *
..####..#P....##
...)....)w@...# ,
........#)....##
,.......@##.....#*
,
....#.........##..
, ...
#P............. ,
..............##...
, , * ,
........###### ,..
, , , ...#.##.## *.
* , ...## ### *


You could see Gastronok.

Vanquished Creatures
  Harold (Lair:1)
  3 hydras (Lair:1)
  2 two-headed ogres
  4 spiny frogs
  2 komodo dragons (Lair:2)
  3 hippogriffs
  A hornet (D:8)
  10 blink frogs
  6 yaks (Lair:1)
  The ghost of Auri666 the Skirmisher, an amateur MiFi (D:3)
  2 steam dragons
  2 water moccasins (Lair:2)
  5 porcupines
  4 orc warriors
  2 ice beasts
  A sky beast (D:8)
  2 black bears (D:8)
  2 phantoms (D:7)
  4 ogres
  A necrophage (D:5)
  5 centaurs
  3 crocodiles
  A big kobold (D:7)
  7 bullfrogs
  A wyvern zombie (D:8)
  2 howler monkeys
  3 crimson imps
  3 bullfrog zombies
  A hound (D:8)
  3 bullfrog skeletons
  4 orc priests
  12 orc wizards
  A gnoll shaman (D:8)
  4 iguanas
  5 worker ants
  2 big kobold zombies (Ossuary)
  8 mummies (Ossuary)
  13 adders
  7 gnolls
  A shadow imp (D:6)
  2 oozes
  2 adder zombies (D:7)
  An adder skeleton (D:4)
  A worm (D:2)
  2 dart slugs
  A leopard gecko (D:1)
  45 orcs
  3 ball pythons
  2 giant cockroaches
  5 goblins
  9 hobgoblins
  3 quokkas
  2 bats (D:1)
  7 frilled lizards
  2 gnoll zombies (Ossuary)
  2 hobgoblin zombies (Ossuary)
  17 kobolds
  A kobold zombie (Ossuary)
  A leopard gecko skeleton (D:5)
  An orc zombie (Ossuary)
  A quokka skeleton (D:4)
  17 rats
  A fungus (D:5)
  3 plants
275 creatures vanquished.

Vanquished Creatures (others)
  A fungus (Lair:1)
1 creature vanquished.

Grand Total: 276 creatures vanquished

Notes
Turn   | Place    | Note
-------+----------+-------------------------------------------
     0 | D:1      | Tanis the Minotaur Fighter began the quest for the Orb.
     0 | D:1      | Reached XP level 1. HP: 19/19 MP: 0/0
    20 | D:1      | Reached XP level 2. HP: 23/27 MP: 1/1
    80 | D:1      | Reached skill level 4 in Shields
   165 | D:1      | You fall through a shaft!
   302 | D:1      | Reached XP level 3. HP: 33/33 MP: 2/2
  1274 | D:2      | Gained mutation: You are frail. (-10% HP) [potion of mutation]
  1274 | D:2      | Gained mutation: You are partially covered in thin metallic scales. (AC +2) [potion of mutation]
  1337 | D:2      | Reached XP level 4. HP: 36/36 MP: 3/3
  1834 | D:3      | Found an iron altar of Okawaru.
  1840 | D:3      | Noticed a centaur
  2028 | D:3      | Noticed Auri666's ghost (amateur MiFi)
  2241 | D:2      | Killed a centaur
  2241 | D:2      | Reached skill level 1 in Short Blades
  2241 | D:2      | Reached XP level 5. HP: 33/42 MP: 4/4
  2981 | D:3      | Killed Auri666's ghost
  2981 | D:3      | Reached skill level 5 in Fighting
  2981 | D:3      | Reached skill level 5 in Armour
  2981 | D:3      | Reached skill level 1 in Dodging
  2981 | D:3      | Reached XP level 6. HP: 16/50 MP: 5/5
  3020 | D:3      | Became a worshipper of Warmaster Okawaru
  3084 | D:3      | Reached skill level 5 in Shields
  3537 | D:4      | Found a staircase to the Ecumenical Temple.
  3541 | Temple   | Entered the Ecumenical Temple
  4070 | D:4      | Reached XP level 7. HP: 53/54 MP: 6/6
  4598 | D:5      | Entered Level 5 of the Dungeon
  4625 | D:5      | Reached * piety under Okawaru
  4770 | D:5      | Reached skill level 5 in Short Blades
  4795 | D:5      | Reached ** piety under Okawaru
  4802 | D:5      | Reached skill level 1 in Stealth
  4802 | D:5      | Reached XP level 8. HP: 50/62 MP: 7/7
  5073 | D:5      | Reached skill level 6 in Shields
  5645 | D:6      | Found Muofiax's General Store.
  5650 | D:6      | Bought a ration for 70 gold pieces
  5665 | D:6      | Reached *** piety under Okawaru
  5706 | D:6      | Found a sacrificial altar of Ru.
  5858 | D:6      | Identified a scroll of acquirement
  5859 | D:6      | Got a flickering amber ring
  5860 | D:6      | Identified the ring "Ezahuhef" {rCorr rPois Dex-2 Slay+6 Stlth+} (You acquired it on level 6 of the Dungeon)
  6032 | D:6      | Found a sand-covered staircase.
  6043 | Ossuary  | Entered an ossuary
  6082 | Ossuary  | Reached skill level 7 in Shields
  6219 | Ossuary  | Reached XP level 9. HP: 70/70 MP: 8/8
  6654 | D:7      | Noticed a two-headed ogre
  6656 | D:7      | Lost mutation: You are frail. (-10% HP) [potion of mutation]
  6656 | D:7      | Lost mutation: You are partially covered in thin metallic scales. (AC +2) [potion of mutation]
  6656 | D:7      | Gained mutation: Your system is resistant to poisons. (rPois) [potion of mutation]
  6656 | D:7      | Gained mutation: Armour fits poorly on your strangely shaped body. [potion of mutation]
  6656 | D:7      | Gained mutation: You passively map a small area around you. [potion of mutation]
  6668 | D:7      | Killed a two-headed ogre
  6668 | D:7      | Reached **** piety under Okawaru
  6740 | D:7      | Reached skill level 1 in Invocations
  7228 | D:7      | Found Uvoxto's Jewellery Emporium.
  7266 | D:7      | Reached skill level 8 in Shields
  7337 | D:7      | Bought an uncursed ring of resist corrosion for 240 gold pieces
  7715 | D:7      | Reached XP level 10. HP: 83/88 MP: 10/10
  7871 | D:8      | Reached ***** piety under Okawaru
  8396 | D:8      | Noticed a two-headed ogre
  8405 | D:8      | Killed a two-headed ogre
  8405 | D:8      | Reached skill level 5 in Dodging
  8779 | D:8      | Found a staircase to the Lair.
  8793 | Lair:1   | Entered Level 1 of the Lair of Beasts
  8793 | Lair:1   | Noticed a six-headed hydra
  8803 | Lair:1   | Killed a six-headed hydra
  8803 | Lair:1   | Reached skill level 9 in Shields
  8822 | Lair:1   | Noticed a four-headed hydra
  9043 | Lair:1   | Killed a four-headed hydra
  9043 | Lair:1   | Received a gift from Okawaru
  9118 | Lair:1   | Noticed a spiny frog
  9129 | Lair:1   | Killed a spiny frog
  9129 | Lair:1   | Reached XP level 11. HP: 94/97 MP: 11/11
  9157 | Lair:1   | Reached ****** piety under Okawaru
  9401 | Lair:1   | Reached skill level 10 in Short Blades
  9401 | Lair:1   | Reached skill level 10 in Shields
  9620 | Lair:1   | Noticed a six-headed hydra
  9631 | Lair:1   | Killed a six-headed hydra
  9662 | Lair:1   | You fall through a shaft!
  9762 | Lair:2   | Received a gift from Okawaru
  9803 | Lair:2   | Reached skill level 10 in Fighting
 10046 | Lair:2   | Reached skill level 11 in Shields
 10158 | Lair:1   | Noticed Gastronok
 10162 | Lair:1   | Noticed Harold
 10187 | Lair:1   | Killed Harold
 10187 | Lair:1   | Received a gift from Okawaru
 10187 | Lair:1   | Reached skill level 5 in Long Blades
 10200 | Lair:1   | Slain by Gastronok

Skill      XL: |  1  2  3  4  5  6  7  8  9 10 11 |
---------------+----------------------------------+-----
Fighting       | 4 5 6 7 9 10 | 10.4
Armour         | 4 5 6 7 8 9 |  9.6
Shields        | 4 5 7 8 9 11 | 11.4
Long Blades    | 3 5 |  5.4
Short Blades   | 1 2 3 5 7 8 9 10 | 10.1
Dodging        | 1 2 3 4 5 6 |  6.4
Stealth        | 1 3 4 |  4.4
Invocations    | 1 |  1.5

Action                   |  1- 3 |  4- 6 |  7- 9 | 10-12 || total
-------------------------+-------+-------+-------+-------++-------
Melee: Long sword        |    62 |       |       |       ||    62
       Headbutt          |    11 |    61 |    63 |    68 ||   203
       Short sword       |    14 |   228 |   328 |   224 ||   794
       Demon blade       |       |       |       |    75 ||    75
Invok: Heroism           |       |       |     1 |     3 ||     4
  Use: Scroll            |     6 |     3 |     8 |     2 ||    19
       Potion            |     1 |     2 |    11 |     6 ||    20
 Stab: Sleeping          |       |       |     8 |     8 ||    16
       Distracted        |       |       |     1 |       ||     1
       Paralysed         |       |       |     1 |       ||     1
  Eat: Chunk             |     1 |     5 |     5 |     5 ||    16
       Ration            |       |     1 |     3 |       ||     4
Armor: Scale mail        |    24 |    66 |    31 |       ||   121
       Steam dragon scal |       |       |    27 |    21 ||    48
Dodge: Dodged            |    22 |    48 |    78 |    78 ||   226
Block: Shield            |    35 |    76 |   151 |    68 ||   330
       Large shield      |       |       |       |    99 ||    99
       Rpst.: Long sword |     8 |       |       |       ||     8
       Demon blade       |       |       |       |     6 ||     6
